Map: 포트 알렉산더 - 래더

Players

herO

  • Race: Protoss Protoss
  • League: Grandmaster
  • Spawn Location: 5:00

Dark - Winner!

  • Race: Zerg Zerg
  • League: Grandmaster
  • Spawn Location: 11:00

Event: IEM Season 13 - Katowice Server Qualifiers Asia 1

VOD

Have the link to the VOD?

Description

Time

  • Played on: Jan. 14, 2019, 4:48 a.m.
  • Length: 19:42

All games in this series

Show
View Real Time Build Order
Export as new Build Order

herO Protoss 

Build Orders: 1 Gate Expand, Phoenix Opening, Chargelot Immortal, Mass Phoenix 

Get SALT Encoding   

  12  0:00  Probe  
  13  0:12  Probe  
  14  0:18  Pylon  
  14  0:24  Probe  
  15  0:32  Probe  
  15  0:40  Probe  
  16  0:44  Gateway  
  16  0:49  Assimilator  
  17  0:51  Probe  
  18  1:03  Probe  
  19  1:15  Probe  
  20  1:28  Nexus  
  20  1:38  Cybernetics Core  
  20  1:41  Probe  
  21  1:47  Assimilator  
  21  1:53  Probe  
  22  1:58  Pylon  
  22  2:05  Probe  
  22  2:07  Stalker  
  23  2:17  Probe  
  26  2:23  Stargate  
  26  2:29  Probe  
  27  2:31  Warp Gate  
  27  2:36  Probe  
  29  2:37  Adept  
  29  2:42  Probe  
  31  2:44  Probe  
  32  2:54  Probe x2  
  34  2:59  Phoenix  
  34  3:06  Probe  
  34  3:07  Probe  
  38  3:14  Pylon  
  38  3:18  Probe  
  38  3:19  Probe  
  40  3:22  Phoenix  
  42  3:27  Assimilator  
  42  3:30  Probe  
  42  3:31  Probe  
  44  3:35  Assimilator  
  44  3:40  Probe  
  44  3:43  Probe  
  44  3:45  Stargate  
  46  3:48  Probe  
  46  3:50  Phoenix  
  46  3:55  Probe  
  48  3:57  Probe, Pylon  
  51  4:07  Probe  
  53  4:10  Probe  
  53  4:11  Phoenix  
  53  4:15  Gateway  
  55  4:21  Phoenix  
  55  4:23  Probe  
  55  4:24  Gateway  
  58  4:36  Phoenix  
  58  4:37  Zealot  
  62  4:40  Pylon  
  62  4:49  Pylon  
  62  4:58  Probe x2, Phoenix  
  66  5:00  Zealot  
  66  5:01  Phoenix  
  70  5:10  Pylon  
  70  5:21  Zealot x3  
  70  5:23  Phoenix  
  70  5:24  Probe  
  70  5:25  Probe  
  78  5:28  Shield Battery  
  78  5:31  Phoenix  
  80  5:36  Pylon  
  80  5:42  Sentry x3  
  86  5:55  Nexus  
  86  6:00  Twilight Council  
  86  6:08  Probe x2  
  88  6:14  Sentry  
  88  6:15  Zealot x2  
  92  6:18  Robotics Facility  
  92  6:23  Probe x2  
  92  6:24  Forge  
  94  6:31  Pylon  
  94  6:33  Pylon  
  94  6:39  Charge  
  94  6:43  Templar Archives  
  94  6:44  Protoss Ground Weapons Level 1  
  94  6:49  Probe x2  
  96  6:57  Probe x2  
  96  7:02  Assimilator  
  96  7:03  Probe, Assimilator  
  96  7:05  Probe x2  
  99  7:10  Immortal  
  99  7:11  Probe  
  102  7:16  Probe x2  
  102  7:21  Probe  
  108  7:24  High Templar  
  108  7:25  High Templar, Zealot  
  108  7:28  Probe x2, Pylon  
  117  7:33  Probe  
  118  7:40  Probe x2  
  118  7:41  Immortal  
  118  7:42  Robotics Facility  
  120  7:45  Probe  
  120  7:48  Psionic Storm  
  125  7:52  Probe  
  125  7:55  Gateway  
  125  7:56  Gateway  
  125  7:58  Gateway  
  126  8:00  Gateway  
  126  8:10  High Templar  
  126  8:12  Immortal  
  126  8:13  Pylon  
  126  8:15  Photon Cannon  
  126  8:23  Pylon  
  126  8:25  Protoss Ground Weapons Level 2  
  130  8:28  Gateway  
  130  8:30  Pylon  
  130  8:31  Observer, Pylon  
  130  8:33  Gateway  
  130  8:34  Photon Cannon, Phoenix  
  130  8:36  High Templar  
  130  8:37  High Templar, Photon Cannon  
  135  8:41  Warp Prism  
  135  8:47  Pylon  
  135  8:48  Zealot x2  
  141  8:57  Immortal  
  145  9:06  Photon Cannon  
  145  9:11  High Templar x2  
  145  9:12  Zealot x3  
  155  9:18  Pylon  
  155  9:23  Nexus  
  155  9:26  Pylon  
  155  9:32  Immortal  
  157  9:50  Photon Cannon  
  157  9:51  Shield Battery  
  151  9:54  High Templar x4, Shield Battery  
  151  9:56  Shield Battery  
  151  9:57  Photon Cannon  
  159  10:00  Archon x2  
  159  10:01  Photon Cannon  
  159  10:02  Photon Cannon  
  159  10:04  Photon Cannon  
  159  10:08  Assimilator  
  159  10:12  Immortal, Assimilator  
  163  10:17  Probe x3  
  166  10:27  Fleet Beacon  
  146  10:30  Probe x3  
  141  10:41  Probe  
  141  10:42  Probe x2  
  144  10:49  High Templar x3  
  150  10:52  Zealot x4  
  150  10:53  Zealot x2  
  160  11:02  Probe x3  
  155  11:05  Photon Cannon  
  155  11:10  Photon Cannon  
  155  11:18  Probe x2  
  155  11:19  Probe x2  
  159  11:26  Zealot x3  
  159  11:27  Tempest x2  
  159  11:31  Mothership  
  183  11:58  Zealot x2  
  183  11:59  Zealot x2  
  187  12:02  Zealot x2  
  187  12:03  Zealot x3  
  166  12:11  Probe x3  
  169  12:19  Tempest x2, Pylon  
  169  12:23  Probe  
  169  12:24  Protoss Air Weapons Level 1  
  169  12:27  Probe x2  
  180  12:35  Probe  
  181  12:43  Photon Cannon  
  178  12:45  Pylon  
  178  12:46  Protoss Shields Level 1  
  178  12:53  Tempest x2  
  178  12:55  Stargate x2  
  188  13:10  Photon Cannon  
  188  13:11  Photon Cannon  
  188  13:21  Blink  
  188  13:24  Probe  
  188  13:25  Probe x2  
  191  13:31  Void Ray x2  
  195  13:45  Zealot x2  
  194  13:49  Zealot x3  
  194  13:52  Probe x3  
  194  13:54  Observer  
  199  13:59  Photon Cannon  
  199  14:01  Photon Cannon  
  199  14:02  Void Ray  
  199  14:03  Void Ray  
  195  14:20  Photon Cannon  
  195  14:22  Photon Cannon  
  195  14:25  Dark Shrine  
  195  14:26  Zealot  
  197  14:33  Observer  
  197  14:34  Gateway  
  197  14:36  Gateway, High Templar x2  
  200  14:39  Gateway  
  164  14:55  Immortal x2  
  164  14:56  Void Ray x2  
  164  14:58  Void Ray  
  114  15:29  Void Ray  
  117  15:39  Void Ray, Carrier  
  127  15:48  Observer  
  128  15:53  High Templar x2  
  128  15:54  High Templar x2  
  136  15:57  Archon  
  136  15:58  Archon  
  136  16:28  Zealot  
  136  16:29  Zealot x5  
  148  16:33  Void Ray  
  148  16:37  Void Ray  
  148  16:39  Void Ray x2  
  164  16:55  Pylon  
  164  16:57  Pylon  
  164  16:58  Pylon  
  164  17:01  Pylon  
  164  17:02  Pylon  
  164  17:16  High Templar x4  
  164  17:21  Archon x2  
  172  17:24  Nexus  
  172  17:41  High Templar x2  
  176  17:45  Archon  
  176  17:52  Stalker  
  176  17:53  Stalker x3  
  165  18:32  Stalker x6  
  83  19:12  Zealot x3  
  83  19:13  Zealot x3  
  101  19:30  Archon  
Show
View Real Time Build Order
Export as new Build Order

Dark Zerg - Winner!

Build Orders: Hatch First 

Get SALT Encoding   

  12  0:00  Drone  
  13  0:14  Overlord  
  13  0:18  Drone  
  14  0:33  Drone x2  
  16  0:49  Hatchery  
  15  0:53  Drone  
  15  0:57  Drone  
  17  0:59  Drone  
  18  1:11  Extractor  
  17  1:16  Spawning Pool  
  16  1:18  Drone  
  16  1:23  Drone  
  18  1:31  Drone  
  19  1:43  Drone  
  20  1:58  Overlord  
  20  2:03  Queen x2, Zergling x2  
  20  2:06  Drone  
  26  2:13  Metabolic Boost  
  26  2:16  Drone  
  26  2:19  Drone  
  28  2:25  Drone  
  29  2:32  Drone  
  30  2:43  Hatchery  
  29  2:50  Zergling x6  
  29  2:51  Zergling x2  
  33  2:59  Queen  
  33  3:05  Overlord  
  35  3:07  Drone  
  36  3:17  Overlord  
  36  3:23  Drone x6  
  36  3:26  Drone  
  43  3:28  Drone  
  43  3:44  Overlord  
  43  3:51  Spore Crawler  
  43  3:52  Spore Crawler  
  41  3:56  Drone x8  
  49  4:06  Queen x2  
  53  4:10  Drone  
  53  4:11  Drone  
  53  4:12  Drone  
  53  4:15  Drone  
  53  4:16  Overlord  
  57  4:22  Overlord  
  57  4:28  Roach Warren  
  56  4:31  Overlord  
  56  4:32  Overlord  
  56  4:36  Drone  
  57  4:42  Drone x3  
  60  4:46  Queen  
  60  4:47  Queen  
  60  4:49  Drone x2  
  60  4:52  Spore Crawler  
  66  4:55  Spore Crawler x2, Drone x2  
  66  5:00  Baneling Nest  
  66  5:04  Drone x3  
  66  5:05  Spore Crawler  
  67  5:11  Spore Crawler  
  67  5:14  Overlord  
  66  5:16  Overlord  
  66  5:18  Drone x4  
  66  5:19  Extractor  
  66  5:20  Drone x2  
  70  5:22  Overlord  
  70  5:29  Overlord  
  70  5:31  Overlord  
  70  5:34  Overlord  
  70  5:36  Zergling x8  
  70  5:37  Zergling x2  
  75  5:43  Zergling x4  
  75  5:44  Zergling x2  
  78  5:54  Roach Warren  
  78  5:56  Drone x3  
  78  5:57  Drone x3  
  82  5:58  Drone x3  
  82  5:59  Drone x2  
  85  6:05  Overlord  
  85  6:10  Drone x2  
  81  6:12  Drone  
  81  6:16  Lair  
  82  6:18  Hatchery  
  82  6:21  Drone x2  
  82  6:22  Drone  
  81  6:26  Extractor  
  81  6:28  Extractor, Drone x2  
  81  6:29  Extractor  
  81  6:31  Extractor  
  79  6:33  Evolution Chamber  
  80  6:40  Roach x5  
  80  6:44  Overlord  
  86  6:55  Evolution Chamber  
  86  6:57  Roach x4  
  86  6:58  Roach x2  
  94  7:06  Roach  
  96  7:10  Baneling x3  
  96  7:11  Baneling x7  
  96  7:12  Baneling  
  96  7:16  Queen x3  
  96  7:21  Drone x2  
  96  7:22  Drone  
  103  7:26  Zerg Missile Weapons Level 1  
  103  7:31  Glial Reconstitution  
  103  7:33  Drone x9  
  103  7:36  Drone x2  
  111  7:39  Drone  
  111  7:49  Drone x2  
  111  7:51  Drone x4  
  111  7:52  Drone  
  115  8:03  Zerg Melee Weapons Level 1  
  114  8:06  Centrifical Hooks  
  114  8:12  Drone  
  113  8:13  Drone x10  
  113  8:14  Drone x2  
  125  8:23  Overlord x3  
  125  8:27  Hatchery  
  125  8:31  Infestation Pit  
  125  8:33  Drone x2  
  122  8:36  Drone  
  122  8:37  Drone  
  122  8:38  Drone  
  125  8:42  Zergling x10  
  125  8:44  Zergling x2  
  125  8:45  Zergling x2  
  125  8:46  Spore Crawler  
  131  8:53  Drone  
  131  8:54  Drone x4  
  133  9:00  Drone  
  134  9:04  Zergling x10  
  134  9:09  Hive  
  139  9:13  Zergling x10  
  144  9:20  Zerg Ground Armor Level 1  
  144  9:23  Baneling x4  
  144  9:24  Baneling x5  
  143  9:29  Overlord x3  
  140  9:35  Burrow, Drone  
  140  9:36  Pneumatized Carapace  
  140  9:38  Drone x2  
  142  9:42  Drone x4  
  141  9:51  Hatchery, Zergling x28  
  151  9:57  Overseer, Zerg Melee Weapons Level 2  
  151  10:02  Extractor  
  151  10:03  Drone  
  151  10:10  Baneling  
  151  10:11  Baneling x18  
  151  10:13  Zergling x24  
  163  10:14  Baneling  
  163  10:15  Baneling x10  
  162  10:26  Adrenal Glands  
  156  10:28  Ultralisk Cavern  
  147  10:50  Zergling x14  
  147  10:51  Zergling x36  
  169  10:57  Zergling x2  
  169  10:58  Zergling x6  
  168  11:07  Drone x4  
  168  11:08  Drone x4  
  168  11:09  Overlord x2  
  174  11:12  Overlord  
  174  11:13  Hatchery  
  174  11:16  Baneling x6  
  173  11:19  Zergling x14  
  173  11:20  Zergling x10  
  173  11:23  Zerg Ground Armor Level 2  
  185  11:29  Baneling  
  184  11:37  Chitinous Plating  
  184  11:39  Ultralisk x2  
  193  11:45  Spire  
  188  11:56  Ultralisk  
  189  12:02  Zergling x2  
  189  12:03  Zergling x10  
  179  12:13  Ultralisk x2  
  186  12:19  Zergling x24  
  197  12:23  Zerg Melee Weapons Level 3  
  170  12:37  Zergling x22  
  170  12:38  Zergling x4  
  170  12:43  Zergling x4  
  178  12:47  Spire  
  177  12:56  Anabolic Synthesis  
  177  12:57  Zerg Flyer Weapons Level 1  
  177  13:00  Ultralisk x2, Baneling, Overseer  
  177  13:01  Baneling x2  
  188  13:09  Corruptor x5  
  198  13:14  Drone x2  
  191  13:27  Baneling x6  
  191  13:29  Ultralisk  
  191  13:31  Zergling x2  
  191  13:32  Zergling x12  
  197  13:34  Zergling x6  
  197  13:35  Roach x3  
  195  13:42  Zergling x10  
  195  13:44  Zerg Ground Armor Level 3  
  191  13:56  Corruptor x2  
  191  13:58  Overlord  
  194  14:03  Baneling x2  
  194  14:06  Zergling x4  
  194  14:09  Corruptor  
  185  14:11  Zergling x28  
  195  14:17  Extractor  
  195  14:18  Corruptor x2  
  195  14:19  Corruptor  
  195  14:22  Overlord  
  199  14:25  Overlord  
  199  14:26  Overseer  
  199  14:27  Overseer  
  199  14:28  Extractor  
  199  14:29  Drone  
  199  14:30  Extractor  
  198  14:36  Baneling x10  
  197  14:42  Zergling x6  
  197  14:45  Overseer x2  
  197  14:50  Corruptor x2  
  161  14:55  Corruptor  
  163  15:02  Corruptor  
  163  15:04  Zergling x22, Corruptor  
  171  15:07  Zergling x14  
  171  15:08  Zergling x2  
  171  15:13  Corruptor  
  177  15:14  Zergling x6  
  177  15:16  Zergling x4  
  177  15:20  Corruptor  
  179  15:21  Zergling x2  
  179  15:24  Corruptor  
  179  15:26  Zergling x10  
  184  15:32  Zergling x10  
  183  15:37  Corruptor x2  
  179  15:45  Hatchery  
  172  15:50  Drone x4, Viper x2  
  172  15:53  Queen x3  
  187  16:06  Corruptor x4  
  187  16:08  Zergling x8  
  197  16:13  Corruptor  
  197  16:15  Hatchery, Corruptor  
  199  16:23  Corruptor  
  196  16:28  Corruptor  
  196  16:31  Overlord x2  
  196  16:32  Overlord x2  
  194  16:44  Overlord  
  194  16:51  Corruptor x3  
  199  16:59  Spore Crawler x2  
  199  17:01  Spore Crawler  
  192  17:07  Viper  
  193  17:09  Zerg Flyer Weapons Level 2  
  193  17:12  Corruptor x4  
  197  17:19  Zergling x6  
  200  17:39  Overseer x3  
  200  17:41  Baneling x2  
  198  18:04  Corruptor x7  
  199  18:11  Zergling x2  
  200  18:17  Pathogen Glands  
  200  18:50  Unknown  
  200  18:51  Unknown x2  
  200  18:54  Ultralisk x2  
  200  18:55  Ultralisk x2  
  193  19:02  Zergling x8  
  186  19:03  Zergling x20  
  181  19:10  Zergling x12  
  181  19:15  Zergling x4  
  181  19:16  Zergling x2  
  181  19:17  Zergling x2  
  189  19:19  Zergling x4  
  189  19:23  Zergling x2  
  188  19:24  Overlord, Baneling x2  

Tags
 
Add a new tag
Caveats
  • Supply blocks, unpowered buildings, or Contaminate may cause inaccurate times.
  • Supply counts are checked every 10 seconds.